 Dungeon Crawl Stone Soup version 0.31.0-32-g396128a36d (webtiles) character file.

Game seed: 109444698343183925

120 Crom the Chopper (level 5, -2/42 (44) HPs)
             Began as a Hill Orc Reaver on Apr 8, 2024.
             Slain by a gnoll
             ... wielding a +0 spear
              (4 damage)
             ... on level 3 of the Dungeon.
             The game lasted 00:12:47 (1418 turns).

Crom the Chopper (Hill Orc Reaver)                  Turns: 1418, Time: 00:12:48

HP:   -2/42 (44)    AC:  5    Str: 17    XL:     5   Next: 4%
MP:   7/7           EV: 10    Int: 13    God:
Gold: 89            SH:  0    Dex:  9    Spells: 6/7 levels left

rFire   . . .        a - +0 hand axe
rCold   . . .        i - orb {mayhem}
rNeg    . . .        g - +0 ring mail
rPois   .            (no helmet)
rElec   .            (no cloak)
rCorr   .            (no gloves)
SInv    .            (no boots)
Will    +....        (no amulet)
Stlth   +            (no ring)
HPRegen 0.27/turn    (no ring)
MPRegen 0.10/turn

%: mayhem
@: enlightened, flying, lightly drained
A: no striking features
a: no special abilities


You were on level 3 of the Dungeon.
You visited 1 branch of the dungeon, and saw 3 of its levels.

You collected 89 gold pieces.

Inventory:

Hand Weapons
 a - a +0 hand axe (weapon)
Missiles
 e - a poisoned dart (quivered)
Armour
 b - a +0 leather armour
 g - a +0 ring mail (worn)
 i - an orb of mayhem (worn)
 l - a +0 ring mail
Jewellery
 c - a ring of ice
Scrolls
 d - 2 scrolls of teleportation {unknown}
 f - a scroll of blinking {unknown}
 h - a scroll of fear {unknown}
 n - a scroll of amnesia {unknown}
 o - a scroll of poison {unknown}
 p - a scroll of silence {unknown}
Potions
 k - a potion of mutation {unknown}
 m - a potion of heal wounds {unknown}


   Skills:
 + Level 2.9 Fighting
 + Level 5.7 Axes
 + Level 2.2 Armour
 + Level 1.6 Dodging
 + Level 0.7 Stealth
 + Level 1.6 Spellcasting
 + Level 3.3 Conjurations


You had 6 spell levels left.
You knew the following spells:

 Your Spells              Type           Power      Damage    Failure   Level
a - Kiss of Death         Conj/Necr      20%        2d7       24%         1

Your spell library contained the following spells:

 Spells                   Type           Power      Damage    Failure   Level
 Momentum Strike          Conj/Tloc      10%        3d8       36%         2
 Cigotuvi's Dreadful Rot  Necr/Alch/Air  2%         N/A       58%         2
 Hailstorm                Conj/Ice       5%         3d5       58%         3
 Ignite Poison            Fire/Alch      1%         N/A       99%         4
 Freezing Cloud           Conj/Ice/Air   1%         6-21      100%        5


Dungeon Overview and Level Annotations

Branches:
Dungeon (3/15)

Altars:
Hepliaklqana


Message History

The gnoll is poisoned.
The gnoll misses you.
The gnoll throws a throwing net.
The throwing net hits you.
You become entangled in the net!
You see here a throwing net.
You tear a large gash into the net.
The gnoll hits you from afar with a +0 spear!
* * * LOW HITPOINT WARNING * * *
You shred the net and break free! The gnoll hits you but does no damage.
The gnoll completely misses you.
You slash the gnoll!
The gnoll is severely wounded.
The gnoll closely misses you.
The gnoll hits you from afar with a +0 spear.
* * * LOW HITPOINT WARNING * * *
You barely miss the gnoll.
The gnoll is almost dead.
You kill the gnoll!
The gnoll misses you.
You have reached level 5!
You feel stronger.
It was a potion of enlightenment.
You feel very buoyant.
You fly up into the air.
The gnoll barely misses you. The gnoll attacks as it pursues you!
The gnoll hits you but does no damage.
The gnoll hits you from afar with a +0 spear.
* * * LOW HITPOINT WARNING * * *
The gnoll barely misses you.
Throw: 2 darts (poison)
Press: ? - help, Q - select action, (/) - cycle Shift-Dir - straight line, f - gnoll
Aim: a gnoll, wielding a +0 spear (54% to hit)
You throw a poisoned dart.
The poisoned dart barely misses the gnoll.
The gnoll hits you from afar with a +0 spear.
* * * LOW HITPOINT WARNING * * *
The gnoll attacks as it pursues you! The gnoll barely misses you.
The gnoll hits you but does no damage.
The gnoll hits you from afar with a +0 spear.
You die...

##### ##...##
##.....##
#.......#
#.......# .
#....g..# ..
##.@..)#### ...
##....((..## ....
#.......#..###..#
#.......##.....#
#..<..^.......##
##.....#.####(.#
##....#.# .(gg#
####.#.. .....
#...## .##..


You could see a gnoll.

Vanquished Creatures
  3 gnolls
  5 adders (D:2)
  A dart slug (D:2)
  2 ball pythons (D:2)
  6 bats
  4 endoplasms
  3 giant cockroaches
  3 goblins (D:1)
  6 hobgoblins
  3 kobolds
  A quokka (D:1)
  4 frilled lizards (D:2)
  2 rats (D:1)
43 creatures vanquished.

Vanquished Creatures (collateral kills)
  An endoplasm (D:2)
1 creature vanquished.

Grand Total: 44 creatures vanquished

Notes
Turn   | Place    | Note
-------+----------+-------------------------------------------
     0 | D:1      | Crom the Hill Orc Reaver began the quest for the Orb.
     0 | D:1      | Reached XP level 1. HP: 18/18 MP: 3/3
   231 | D:1      | Reached XP level 2. HP: 19/25 MP: 4/4
   707 | D:2      | Reached skill level 1 in Armour
   707 | D:2      | Reached XP level 3. HP: 30/30 MP: 5/5
   947 | D:2      | Reached XP level 4. HP: 33/37 MP: 6/6
  1150 | D:2      | Reached skill level 5 in Axes
  1253 | D:2      | Found a hazy altar of Hepliaklqana.
  1409 | D:3      | Reached XP level 5. HP: 8/42 MP: 7/7
  1415 | D:3      | HP: 2/42 [gnoll/+0 spear (4)]
  1418 | D:3      | Slain by a gnoll

Illustrated notes

Levels and vault maps discovered:
D:1:      onia_arrival_pentagram, layout_loops_ring
D:2:      minmay_recursive_quarters, layout_rooms, basic_altar
D:3:      layout_rooms, mainiacjoe_overflow_small_starburst,
          cheibrodos_sewer_entry_bend, minmay_misc_feat_doors, uniq_ijyb

Skill      XL: |  1  2  3  4 |
---------------+-------------+-----
Armour         | 1 2 |  2.2
Axes           | 5 |  5.7
Fighting       | |  2.9
Dodging        | |  1.6
Stealth        | |  0.7
Spellcasting   | |  1.6
Conjurations   | |  3.3

Action                     |  1- 3 |  4- 6 || total
---------------------------+-------+-------++-------
  Melee: Hand axe          |   122 |    38 ||   160
         Punch             |     1 |       ||     1
  Throw: Dart              |       |     4 ||     4
   Cast: Kiss of Death     |       |     1 ||     1
    Use: Potion            |       |     1 ||     1
 Armour: Leather armour    |    39 |       ||    39
         Ring mail         |    42 |    37 ||    79
  Dodge: Dodged            |    83 |    39 ||   122
